 Dungeon Crawl Stone Soup version 0.30-a0-165-g1891117ce2 (webtiles) character file.

Game seed: 1952178327126267299

93 Sobieck the Trooper (level 4, 0/29 HPs)
             Began as a Kobold Fighter on Sept 28, 2022.
             Slain by a gnoll
             ... wielding a +2 whip of venom
              (7 damage)
             ... on level 3 of the Dungeon.
             The game lasted 00:03:52 (2805 turns).

Sobieck the Trooper (Kobold Fighter)                Turns: 2805, Time: 00:03:53

Health: 0/29       AC:  8    Str: 21    XL:     4   Next: 91%
Magic:  4/4        EV: 11    Int:  9    God:
Gold:   92         SH: 10    Dex: 14    Spells: 3/3 levels left

rFire   . . .      SeeInvis .    a - +0 flail {mace}
rCold   . . .      Faith    .    c - +0 buckler
rNeg    . . .      Spirit   .    e - +0 scale mail
rPois   .          Reflect  +    (no helmet)
rElec   .          Harm     .    (no cloak)
rCorr   .          Rampage  .    A - +1 pair of gloves
Will    .....                    (no boots)
Stlth   +.........               i - amulet of reflection
HPRegen 0.09/turn                t - +6 ring of strength
MPRegen 0.09/turn                (no ring)

@: lethally poisoned (0 -> -14)
A: small, no large weapons, nightstalker 3
a: no special abilities


You were on level 3 of the Dungeon.
You visited 1 branch of the dungeon, and saw 4 of its levels.

You collected 92 gold pieces.


Innate Abilities, Weirdness & Mutations

You are small and have problems with some larger weapons.
You are completely attuned to the shadows.


   Skills:
 + Level 4.0 Fighting
 * Level 2.7 Maces & Flails
 + Level 2.9 Armour
 + Level 2.9 Shields


You had 3 spell levels left.
You didn't know any spells.
Your spell library was empty.

Inventory:

Hand Weapons
 a - a +0 flail (weapon) {mace}
 b - a +0 sling
   (You found it on level 1 of the Dungeon)
Missiles
 h - 12 stones {throwing}
 D - 6 poisoned darts {throwing}
Armour
 c - a +0 buckler (worn)
 e - a +0 scale mail (worn)
 k - a +0 ring mail
   (You found it on level 1 of the Dungeon)
 n - a +0 ring mail
   (You found it on level 1 of the Dungeon)
 o - a +0 ring mail
   (You found it on level 1 of the Dungeon)
 p - a +0 ring mail
   (You found it on level 1 of the Dungeon)
 s - a +0 robe
   (You found it on level 2 of the Dungeon)
 w - a +0 robe
   (You found it on level 2 of the Dungeon)
 y - a +0 leather armour
   (You found it on level 2 of the Dungeon)
 z - a +0 leather armour
   (You found it on level 3 of the Dungeon)
 A - a +1 pair of gloves (worn)
   (You found it on level 3 of the Dungeon)
 B - a +0 leather armour
   (You took it off an orc on level 3 of the Dungeon)
Jewellery
 i - an amulet of reflection (around neck)
   (You found it on level 1 of the Dungeon)
 t - a +6 ring of strength (left hand)
   (You found it on level 4 of the Dungeon)
Scrolls
 g - 2 scrolls of enchant armour {unknown}
 j - 2 scrolls of amnesia {unknown}
 r - 2 scrolls of vulnerability {unknown}
 x - 2 scrolls of identify {unknown}
 C - a scroll of acquirement {unknown}
Potions
 d - a potion of might
 f - a potion of magic {unknown}
 l - a potion of haste {unknown}
 m - a potion of attraction {unknown}
 q - a potion of lignification {unknown}
 u - a potion of berserk rage {unknown}
 v - a potion of ambrosia {unknown}

Dungeon Overview and Level Annotations

Branches:
Dungeon (4/15) Zot: 21147
 Temple: D:4-7

Altars:

#........................
#########...#......#.##..
#.####'###.#.##..
#.####.# #.#.###'
###.#....# #.#.# #.
....#.#### #.#.# #.
...#.# #.#.# #.
#####.#.######.#.###.
.....g@.............>#.
#.####g...##.###.###.#. #
#g# #...........# #.#.
..##.# #....##....## #.#.
#....#############.# #.#.
####..†..## #.####'#†
#.###..# #........ #)#
##.###### #........
#.####......# #........


You could see 2 gnolls.


Message History

You see here a ball python corpse.
A gnoll comes into view. It is wielding a +0 halberd.
Danger!
Unknown command.
You see here a ball python corpse.
Danger!
Unknown command.
Unknown command.
You block the gnoll's attack.
Unknown command.
You block the gnoll's attack.
Unknown command.
You barely miss the gnoll. You block the gnoll's attack. x2
You thump the gnoll! The gnoll misses you.
Unknown command.
You hit the gnoll.
You kill the gnoll!
Things that are here:
a +0 halberd {polearm}; a gnoll corpse Unknown command.
Found a stone staircase leading down.
Unknown command.
r - 2 scrolls labelled ANGE USMAODAACH (gained 1)
There is a stone staircase leading down here.
You open the door.
There is an open door here.
An adder comes into view.
Danger!
The adder hisses angrily.
You block the adder's attack. The adder bites you but does no damage.
You hit the adder. You block the adder's attack.
You closely miss the adder. The adder bites you.
The adder bites you but does no damage.
You miss the adder. You block the adder's attack.
You closely miss the adder. The adder bites you.
You are poisoned.
The adder poisons you! The adder bites you but does no damage.
You miss the adder.
You feel sick. You block the adder's attack. x2
You thump the adder!
You feel sick.
The adder bites you but does no damage. x2
You hit the adder.
You kill the adder!
You feel sick.
Your Fighting skill increases to level 4!
No target in view!
You feel sick.
You feel sick.
You are no longer poisoned.
You see here an adder corpse.
You open the door.
There is an open door here.
D - 6 poisoned darts {throwing} Unknown command.
A kobold comes into view. It is wielding a +0 club.
Danger!
The kobold shouts!
You sock the kobold!
You kill the kobold!
No target in view!
Things that are here:
a +0 club {mace}; a kobold corpse You open the door.
There is an open door here.
A gnoll comes into view. It is wielding a +0 spear.
The gnoll shouts!
You hear a shout!
Danger!
The gnoll hits you from afar with a +0 spear.
A gnoll comes into view. It is wielding a +0 flail.
The gnoll shouts!
You hit the gnoll but do no damage. The gnoll barely misses you.
You sock the gnoll! You block the gnoll's attack.
The gnoll hits you but does no damage. x2; You block the gnoll's attack.
You closely miss the gnoll. The gnoll closely misses you.
You block the gnoll's attack.
You barely miss the gnoll. You block the gnoll's attack. x2
You hit the gnoll. You block the gnoll's attack.
The gnoll hits you with a +0 flail!
A gnoll comes into view. It is wielding a +2 whip of venom.
The gnoll barely misses you. The gnoll closely misses you.
You are too injured to fight recklessly!
You are too injured to fight recklessly!
You are too injured to fight recklessly!
Unknown command.
You hit the gnoll.
You kill the gnoll!
You block the gnoll's attack.
Unknown command.
You hit the gnoll. You block the gnoll's attack.
Unknown command.
You barely miss the gnoll.
The gnoll hits you with a +2 whip of venom.
You are poisoned.
You block the gnoll's attack. x2; The gnoll hits you but does no damage.
You are lethally poisoned!
You hit the gnoll.
* * * LOW HITPOINT WARNING * * *
You feel very sick. The gnoll hits you with a +0 spear.
* * * LOW HITPOINT WARNING * * *
The gnoll hits you with a +2 whip of venom!
You die...

Skill      XL: |  1  2  3  4 |
---------------+-------------+-----
Maces & Flails | 2 |  2.7
Fighting       | 4 |  4.0
Armour         | |  2.9
Shields        | |  2.9

Action                   |  1- 3 |  4- 6 || total
-------------------------+-------+-------++-------
Melee: Flail             |    68 |    55 ||   123
 Fire: Sling             |    22 |       ||    22
 Stab: Sleeping          |       |     2 ||     2
Armor: Scale mail        |    23 |    13 ||    36
Dodge: Dodged            |    32 |    17 ||    49
Block: Buckler           |    46 |    35 ||    81

Levels and vault maps discovered:
D:1:      ldierk_walled_garden, layout_basic, dilly_ecumenical_altar_fadedgnrine
D:2:      minmay_inner_zag, layout_basic, minivault_14, minmay_misc_feat_tower
D:3:      layout_basic, st_stairs_6
D:4:      minmay_goblin_kobold_castle, layout_rooms,
          nicolae_ossuary_entry_false_entrances, uniq_grinder,
          uniq_crazy_yiuf_cottage

Notes
Turn   | Place    | Note
-------+----------+-------------------------------------------
     0 | D:1      | Sobieck the Kobold Fighter began the quest for the Orb.
     0 | D:1      | Reached XP level 1. HP: 14/14 MP: 1/1
   185 | D:1      | Reached XP level 2. HP: 18/19 MP: 2/2
   195 | D:1      | Reached skill level 2 in Maces & Flails
  1069 | D:1      | Found a faded altar of an unknown god.
  1287 | D:2      | Reached XP level 3. HP: 23/23 MP: 3/3
  1380 | D:2      | You fall into a shaft and drop 2 floors!
  1631 | D:2      | Reached XP level 4. HP: 29/29 MP: 4/4
  2589 | D:3      | Reached skill level 4 in Fighting
  2805 | D:3      | HP: 7/29 [gnoll/+0 spear (6)]
  2805 | D:3      | Slain by a gnoll

Vanquished Creatures
  2 adders
  2 gnolls (D:3)
  2 worms
  An orc (D:3)
  4 endoplasms
  2 giant cockroaches
  3 hobgoblins
  2 jackals (D:1)
  A quokka (D:2)
  8 ball pythons
  2 bats
  2 frilled lizards (D:1)
  6 goblins
  5 kobolds
  3 rats
45 creatures vanquished.

Vanquished Creatures (others)
  5 toadstools (D:1)
5 creatures vanquished.

Grand Total: 50 creatures vanquished

Table legend:
 A = Non-vault XP
 B = Vault XP
 C = Vault XP percentage of total XP
 D = Non-vault monster count
 E = Vault monster count
 F = Vault count percentage of total count
                 A         B        C        D         E       F
            +---------+---------+-------+---------+---------+-------
      Total |     122 |      11 |   8.3 |      39 |       6 |  13.3
            +---------+---------+-------+---------+---------+-------
        D:1 |      28 |       0 |   0.0 |      17 |       0 |   0.0
        D:2 |      31 |      11 |  26.2 |       9 |       6 |  40.0
        D:3 |      63 |       0 |   0.0 |      13 |       0 |   0.0
            +---------+---------+-------+---------+---------+-------

Illustrated notes

Table legend:
 A = Kills in this place as a percentage of kills in entire the game.
 B = Kills by you in this place as a percentage of kills by you in the entire game.
 C = Kills by friends in this place as a percentage of kills by friends in the entire game.
 D = Other kills in this place as a percentage of other kills in the entire game.
 E = Experience gained in this place as a percentage of experience gained in the entire game.
 F = Experience gained in this place divided by the number of levels of this place that you have seen.
                   A       B       C       D       E      F
               +-------+-------+-------+-------+-------+----------------------
         Total | 100.0 | 100.0 |   N/A |   N/A | 100.0 |  33.2
       Dungeon | 100.0 | 100.0 |   N/A |   N/A | 100.0 |  33.2
               +-------+-------+-------+-------+-------+----------------------

Table legend: (Time is in decaauts)
 A = Elapsed time spent in this place.
 B = Non-inter-level travel time spent in this place.
 C = Inter-level travel time spent in this place.
 D = Time resting spent in this place.
 E = Time spent auto-exploring this place.
 F = Levels seen in this place.
 G = Mean time per level.
                   A        B        C        D        E       F      G
               +--------+--------+--------+--------+--------+-----+--------+
         Total |   2850 |   2755 |     95 |     64 |   2314 |   4 |  712.5 |
       Dungeon |   2850 |   2755 |     95 |     64 |   2314 |   4 |  712.5 |
               +--------+--------+--------+--------+--------+-----+--------+

Top non-repeatable levels by time:
     D:1: 1262 daAuts
     D:2: 898 daAuts
     D:3: 663 daAuts
     D:4: 26 daAuts
